AoeStats
← oslepov1

Arena

505946215Analyzed
1v1 RM · 21d ago on Sep 11, 2026· 45m 9s· 2 players
Game mode
Random Map
Map size
Tiny (2 player)
Population
200
Speed
Normal
Resources
Standard
Victory
Conquest
Starting age
Dark Age
Ending age
Imperial Age
RankedLock teamsTeams togetherTeam positionsShared explorationLock speedFull tech treeHidden civsTurbo modeCheats
Victory
Defeat
🇦🇷 Vietnamese · Argentina
815
+14
🇬🇧 Franks · United Kingdom
770
-35
oslepov1
13:23 Feudal Age
15:05 Wheelbarrow
15:17 Double-Bit Axe
15:25 Gold Mining
24:04 Forging
23:59 Scale Barding Armor
26:59 Castle Age
25:23 Stone Mining
28:23 Husbandry
29:10 Hand Cart
35:01 Imperial Age
37:09 Town Watch
38:10 Gold Shaft Mining
37:48 Bow Saw
37:28 Loom
38:19 Town Patrol
40:21 Cavalier
41:46 Elite Skirmisher
42:01 Pikeman
42:45 Paladin
santy_santi
9:00 Loom
11:58 Feudal Age
15:08 Town Watch
15:23 Double-Bit Axe
18:18 Castle Age
16:26 Horse Collar
20:14 Bow Saw
20:34 Pikeman
22:27 Heavy Plow
23:09 Wheelbarrow
22:30 Gold Mining
22:31 Stone Mining
25:35 Forging
25:32 Scale Barding Armor
25:27 Scale Mail Armor
25:28 Padded Archer Armor
25:19 Fletching
30:59 Imperial Age
29:03 Husbandry
30:17 Bloodlines
30:19 Chatras
32:54 Hand Cart
33:15 Crop Rotation
33:51 Two-Man Saw
33:44 Elite Battle Elephant
37:13 Iron Casting
36:53 Chain Mail Armor
36:58 Chain Barding Armor
36:35 Bodkin Arrow
37:06 Leather Archer Armor
37:13 Elite Rattan Archer
38:22 Chain Barding Armor
39:58 Plate Mail Armor
39:29 Bracer
39:57 Halberdier
42:56 Chemistry
42:16 Ballistics
42:03 Siege Engineers
41:54 Murder Holes
42:09 Fortified Wall
Connection lost

Rejoining the realm…

Still unreachable

The connection could not be restored.

Session expired

The server has moved on; the page needs a fresh start.